SCURSCUM, neutral female scurrid Archeologist ..| -@| |f| SCURSCUM the Digger Experience level: 1 Strength: 15 Dexterity: 11 Constitution: 13 Intelligence: 12 Wisdom: 16 Charisma: 8 Health: 0(12) Energy: 2(2) Def: 2 Gold: 1195 Moves: 110 Dungeon seed: hMdd-p29Kh0Hul7O Game ID: SCURSCUM_1498608018 Your Inventory: Coins $ - 1195 gold pieces Weapons a - an uncursed +2 bullwhip h - an uncursed +0 boomerang (in quiver) Armor e - an uncursed +0 leather jacket (being worn) n - an uncursed +0 pair of leather gloves (being worn) Comestibles b - 4 uncursed chestnuts Wands d - an uncursed thoroughly rusty wand of light (0:15) Tools c - an uncursed pair of lenses g - an uncursed thoroughly rusty tin opener (alternate weapon; not wielded) Gems q - an uncursed touchstone Spells and supernatural/magical abilities: Name Level Category Fail Memory W - pray for help -- divine ? -- Your skills at the end: Miscellaneous Skills wands [Basic] Weapon Skills boomerang [Basic] whip [Basic] Spellcasting Skills Final Attributes: You were devoutly aligned. You had infravision. You were very stealthy. You were fast. You are dead. Vanquished creatures: a lichen Voluntary challenges: You went without food. You did not adorn yourself with jewelry or accessories. You did not cause conflict. You were not invisible. You did not have reflection. You were not displaced. You were an atheist. You never hit with a wielded weapon. You were a pacifist. You did not use tools. You did not use plumbed fixtures. You did not drink any magical draughts. You were illiterate. You never genocided any monsters. You never polymorphed an object. You never changed form. You used no wishes. You never split a pudding. You never wrote Elbereth's name. You never violated your personal moral code. Dungeon overview: The Dungeons of Doom: levels 1 to 29 Level 1 a long staircase Level 2 Level 3 Level 4 Level 5 Level 6 Level 7 Level 8 a fountain Level 9 Level 10 a fountain Level 11 Level 12 Level 13 Level 14 Level 15 Level 16 Level 17 Level 18 Level 19 Level 20 Level 21 Level 22 Level 23 Level 24 Level 25 Level 26 Level 27 Level 28 Level 29 <- You were here History has recorded: On T:1 you entered the Dungeons of Doom to retrieve the Amulet of Yendor! On T:4 you reached level 2 of The Dungeons of Doom. On T:6 you reached level 3 of The Dungeons of Doom. On T:10 you reached level 4 of The Dungeons of Doom. On T:12 you reached level 5 of The Dungeons of Doom. On T:14 you reached level 6 of The Dungeons of Doom. On T:17 you reached level 7 of The Dungeons of Doom. On T:20 you reached level 8 of The Dungeons of Doom. On T:23 you reached level 9 of The Dungeons of Doom. On T:26 you reached level 10 of The Dungeons of Doom. On T:29 you reached level 11 of The Dungeons of Doom. On T:31 you reached level 12 of The Dungeons of Doom. On T:34 you reached level 13 of The Dungeons of Doom. On T:37 you reached level 14 of The Dungeons of Doom. On T:40 you reached level 15 of The Dungeons of Doom. On T:45 you reached level 16 of The Dungeons of Doom. On T:48 you reached level 17 of The Dungeons of Doom. On T:51 you reached level 18 of The Dungeons of Doom. On T:51 you entered the Rogue tribute level. On T:61 you reached level 19 of The Dungeons of Doom. On T:63 you reached level 20 of The Dungeons of Doom. On T:66 you reached level 21 of The Dungeons of Doom. On T:69 you reached level 22 of The Dungeons of Doom. On T:72 you reached level 23 of The Dungeons of Doom. On T:75 you reached level 24 of The Dungeons of Doom. On T:80 you reached level 25 of The Dungeons of Doom. On T:105 you reached level 26 of The Dungeons of Doom. On T:106 you reached level 27 of The Dungeons of Doom. On T:108 you reached level 28 of The Dungeons of Doom. On T:110 you reached level 29 of The Dungeons of Doom. Score breakdown: Gold: 1195 ( 119 points) Experience: 1 level ( 0 points) Exploration: 29 levels ( 840 points) Discoveries: 0 items ( 0 points) Variety of kills: 1 monster ( 50 points) Major goal: (nothing yet) ( 0 points) Survival: died (score multiplied by 3) Total score: 3027 Latest messages: You fall through... You start digging downward. You continue digging downward. You dig a pit in the floor. You continue digging downward. You dig a hole through the floor. You fall through... You start digging downward. You continue digging downward. You dig a pit in the floor. You continue digging downward. You dig a hole through the floor. You fall through... You start digging downward. You continue digging downward. You dig a pit in the floor. You continue digging downward. You dig a hole through the floor. You fall through... The jaguar claws you! (2x) The jaguar bites! You die... Final status: Goodbye SCURSCUM the Archeologist, killed by a jaguar... You died in The Dungeons of Doom on dungeon level 29 with 3027 points, and 1195 pieces of gold, after 110 moves. You were level 1 with a maximum of 12 hit points when you died.